 Dungeon Crawl Stone Soup version 0.28.0-43-g3370ac3207 (webtiles) character file.

Game seed: 708451800077700487

72 gzilladon the Chopper (level 4, -12/40 HPs)
             Began as a Hill Orc Monk on Mar 29, 2022.
             Mangled by an ogre
             ... wielding a +0 giant club
              (18 damage)
             ... on level 2 of the Dungeon.
             The game lasted 00:14:22 (2766 turns).

gzilladon the Chopper (Hill Orc Monk)               Turns: 2766, Time: 00:14:22

Health: -12/40     AC:  6    Str: 15    XL:     4   Next: 26%
Magic:  4/4        EV: 11    Int: 10    God:
Gold:   82         SH:  0    Dex: 13    Spells: 3/3 levels left

rFire   . . .      SeeInvis .   a - +0 hand axe
rCold   + . .      Faith    .   (no shield)
rNeg    . . .      Spirit   .   c - +0 ring mail
rPois   .          Reflect  .   (no helmet)
rElec   .          Harm     .   (no cloak)
rCorr   .          Rampage  .   (no gloves)
Will    .....                   m - +0 pair of boots
Stlth   +.........              (no amulet)
HPRegen 0.13/turn               f - ring of wizardry
MPRegen 0.09/turn               g - ring of protection from cold

@: flying
A: no striking features
a: no special abilities


You were on level 2 of the Dungeon.
You visited 1 branch of the dungeon, and saw 4 of its levels.

You collected 82 gold pieces.

Inventory:

Hand Weapons
 a - a +0 hand axe (weapon)
 i - the +2 dagger "Huczic" {drain, MP+9}
   (You found it on level 2 of the Dungeon)

   A truly terrible weapon, it drains the life of any living foe it strikes.
   MP:        It affects your magic capacity (+9).
Missiles
 e - 66 stones (quivered)
 q - 21 arrows
Armour
 b - a +0 robe
 c - a +0 ring mail (worn)
 m - a +0 pair of boots (worn)
Magical Staves
 p - a staff of conjuration
Jewellery
 f - a ring of wizardry (left hand)
 g - a ring of protection from cold (right hand)
Wands
 o - a wand of flame (13)
Scrolls
 n - a scroll of teleportation {unknown}
Potions
 h - a potion of degeneration {unknown}
 k - a potion of attraction {unknown}
 l - a potion of might {unknown}


   Skills:
 * Level 4.0 Fighting
 + Level 5.4 Axes
 * Level 1.4 Armour
 + Level 2.7 Dodging
 + Level 1.6 Stealth


You had 3 spell levels left.
You didn't know any spells.
Your spell library was empty.

Dungeon Overview and Level Annotations

Branches:
Dungeon (4/15)
 Temple: D:4-7

Altars:

Shops:
D:2 (

Annotations:
D:3 1 runed translucent door, reversiblehash's ghost, amateur GnFi


Message History

Found a stone staircase leading down.
Found a scroll labelled SOIHA CAYGAI.
The kobold throws a stone.
The stone closely misses you.
There is a stone staircase leading down here.
You can't go up here!
The ogre misses you.
You climb downwards.
There is a stone staircase leading up here.
The ogre barely misses you.
You climb upwards.
Level annotation: 1 runed translucent door, reversiblehash's ghost, amateur GnFi
There is a stone staircase leading down here.
The kobold closely misses you.
You climb downwards.
The adder hisses angrily.
There is a stone staircase leading up here.
The ogre closely misses you. The kobold hits you but does no damage.
You climb upwards.
Level annotation: 1 runed translucent door, reversiblehash's ghost, amateur GnFi
There is a stone staircase leading down here.
The kobold throws a stone.
The stone closely misses you.
Found a stone staircase leading up.
A ball python comes into view.
There is a stone staircase leading up here.
The ogre hits you with a +0 giant club!
You climb upwards.
There is a stone staircase leading down here.
The ogre hits you with a +0 giant club!
* * * LOW HITPOINT WARNING * * *
Aiming: Throw Flame
Press: ? - help, Shift-Dir - straight line, f - ogre
Aim: an ogre, wielding a +0 giant club (85% to hit)
Okay, then.
As you read the scroll of immolation, it crumbles to dust.
The creatures around you are filled with an inner flame!
It was a potion of flight.
You feel very buoyant.
You fly up into the air.
The ogre hits you with a +0 giant club!!
You die...

#.### #.#..##.# #.#
#.#.###.########## #.# #.#.#
#..........## #.# #.#.#
##########... #.# #.#.## ####
#.# #.#..# ###.# #.##.#####
#>..# #O##.....##########
#.### #.@...............#
##.### ####..#####.#####.#
##....########..#####.# #.#
##.#.................#.# #.#
#.##..##########..##.#.# #.#
#.###.#........#...#.#.#####.#
#.##..#.######.#..##.#........
##.#..#.#)...#.#.###.#######.#
##...#.#..#.#.#.###.## #.#


You could see an ogre (inner flame).

Vanquished Creatures
  An adder (D:3)
  An adder skeleton (D:2)
  An orc (D:3)
  12 bats
  4 endoplasms
  3 giant cockroaches
  8 goblins
  5 hobgoblins
  2 quokkas (D:2)
  4 ball pythons
  2 frilled lizards
  5 kobolds
  6 rats
54 creatures vanquished.

Notes
Turn   | Place    | Note
-------+----------+-------------------------------------------
     0 | D:1      | gzilladon the Hill Orc Monk began the quest for the Orb.
     0 | D:1      | Reached XP level 1. HP: 19/19 MP: 1/1
   280 | D:1      | Reached XP level 2. HP: 21/27 MP: 2/2
   587 | D:1      | Reached skill level 5 in Axes
   763 | D:1      | Reached XP level 3. HP: 30/33 MP: 3/3
  1302 | D:2      | Found Faluge's Antique Weapon Shop.
  1304 | D:2      | Identified the +2 dagger "Huczic" {drain, MP+9}
  1319 | D:2      | Found a faded altar of an unknown god.
  1340 | D:2      | Reached skill level 1 in Armour
  2053 | D:2      | Reached XP level 4. HP: 39/40 MP: 4/4
  2354 | D:3      | Found a runed translucent door.
  2354 | D:3      | Noticed reversiblehash's ghost (amateur GnFi)
  2685 | D:3      | Noticed an ogre
  2766 | D:2      | Mangled by an ogre

Illustrated notes

Levels and vault maps discovered:
D:1:      shiori_arrival_oz, layout_basic, dk_noncrumbling_4,
          corexii_corridor_pit, chequers_jeans
D:2:      layout_loops_ring, serial_shops, shop_statue,
          hellmonk_ecumenical_altar_blasted, minivault_5
D:3:      layout_loops_ring, ebering_ghost_inner_flame, grunt_ministairs_9
D:4:      layout_gridville, grunt_ministairs_15

Skill      XL: |  1  2  3  4 |
---------------+-------------+-----
Axes           | 5 |  5.4
Armour         | 1 |  1.4
Fighting       | 4 |  4.0
Dodging        | |  2.7
Stealth        | |  1.6

Action                   |  1- 3 |  4- 6 || total
-------------------------+-------+-------++-------
Melee: Hand axe          |   155 |    25 ||   180
       Punch             |     1 |       ||     1
  Use: Scroll            |       |     1 ||     1
       Potion            |       |     1 ||     1
 Stab: Sleeping          |     1 |       ||     1
Armor: Ring mail         |    97 |    11 ||   108
Dodge: Dodged            |   141 |    26 ||   167
